 Dungeon Crawl Stone Soup version 0.25-a0-661-g55ea3d2053 (webtiles) character file.

Game seed: 10975994181184350514, levelgen mode: deterministic

186 n0claF the Chopper (level 5, -1/47 HPs)
             Began as a Hill Orc Monk on Mar 23, 2020.
             Slain by a quasit (2 damage)
             ... summoned by Eustachio
             ... on level 5 of the Dungeon.
             The game lasted 00:09:26 (3588 turns).

n0claF the Chopper (Hill Orc Monk)                  Turns: 3588, Time: 00:09:26

Health: -1/47      AC:  5    Str: 15      XL:     5   Next: 65%
Magic:  5/5        EV: 12    Int: 10      God:
Gold:   171        SH:  0    Dex: 12 (13) Spells: 4/4 levels left

rFire    . . .     SeeInvis .   a - +0 hand axe
rCold    . . .     Gourm    .   (no shield)
rNeg     . . .     Faith    .   c - +0 leather armour
rPois    .         Spirit   .   (no helmet)
rElec    .         Reflect  .   h - +0 cloak
rCorr    .         Harm     .   f - +0 pair of gloves
MR       .....                  (no boots)
Stlth    +.........             (no amulet)
HPRegen  0.15/turn              (no ring)
MPRegen  0.09/turn              (no ring)

@: no status effects
A: no striking features
a: no special abilities


You were on level 5 of the Dungeon.
You were hungry.

You visited 1 branch of the dungeon, and saw 4 of its levels.

You collected 171 gold pieces.

Inventory:

Hand Weapons
 a - a +0 hand axe (weapon)
Armour
 c - a +0 leather armour (worn)
   (You found it on level 1 of the Dungeon)
 f - a +0 pair of gloves (worn)
   (You found it on level 2 of the Dungeon)
 h - a +0 cloak (worn)
   (You found it on level 1 of the Dungeon)
 j - a +0 plate armour
   (You found it on level 3 of the Dungeon)
Jewellery
 d - a +2 ring of protection {unknown}
   (You found it on level 1 of the Dungeon)
 q - a cursed ring of attention {unknown}
   (You found it on level 3 of the Dungeon)
 t - an uncursed ring of protection from cold {unknown}
   (You found it on level 3 of the Dungeon)
Scrolls
 b - a scroll of magic mapping {unknown}
 i - 2 scrolls of noise {unknown}
 k - a scroll of teleportation {unknown}
 n - 2 scrolls of random uselessness {unknown}
 o - 2 scrolls of enchant weapon {unknown}
 r - 2 scrolls of blinking {unknown}
 v - a scroll of enchant armour {unknown}
Potions
 g - 2 potions of curing {@q1}
 l - a potion of magic {unknown}
 m - a potion of lignification {unknown}
 p - a potion of resistance {unknown}
 u - a potion of stabbing {unknown}
Comestibles
 e - 9 rations {!d}


   Skills:
 + Level 4.7 Fighting
 * Level 6.4 Axes
 + Level 2.6 Armour
 - Level 2.4 Dodging
 - Level 1.5 Stealth


You had 4 spell levels left.
You didn't know any spells.
Your spell library was empty.

Dungeon Overview and Level Annotations

Branches:
Dungeon (3/15)

Altars:
Ashenzari
Fedhas

Annotations:
D:5 Eustachio


Message History

You closely miss the quasit.
The quasit bites you but does no damage.
The quasit claws you but does no damage.
The quasit closely misses you. The ufetubus barely misses you.
The ufetubus closely misses you. Eustachio hits you with a +0 falchion.
* * * LOW HITPOINT WARNING * * *
Your leather armour prevents you from hitting the ufetubus.
You hit the quasit but do no damage. You hit Eustachio but do no damage.
The ufetubus hits you but does no damage.
The ufetubus misses you.
The quasit bites you but does no damage.
The quasit claws you but does no damage.
The quasit barely misses you. Eustachio hits you with a +0 falchion.
* * * LOW HITPOINT WARNING * * *
You hit the ufetubus. You miss the quasit. You miss Eustachio.
The ufetubus closely misses you.
The ufetubus hits you but does no damage.
The quasit closely misses you.
The quasit claws you but does no damage.
The quasit completely misses you. The ufetubus hits you.
* * * LOW HITPOINT WARNING * * *
The ufetubus closely misses you. The quasit barely misses you.
The quasit claws you but does no damage.
The quasit claws you.
* * * LOW HITPOINT WARNING * * *
You feel clumsy.
You closely miss the ufetubus. You hit Eustachio but do no damage.
You miss the quasit. The ufetubus closely misses you.
The ufetubus barely misses you.
Eustachio mumbles some strange words.
The quasit barely misses you.
The quasit claws you but does no damage. x2
You barely miss the ufetubus. You closely miss Eustachio.
You closely miss the quasit. You miss the quokka. The ufetubus hits you.
* * * LOW HITPOINT WARNING * * *
The ufetubus barely misses you. Eustachio hits you with a +0 falchion.
* * * LOW HITPOINT WARNING * * *
The quasit closely misses you. x2
The quasit claws you but does no damage.
The ufetubus completely misses you. The ufetubus hits you.
* * * LOW HITPOINT WARNING * * *
The quokka closely misses you.
You hit the ufetubus but do no damage. You hit the quokka.
You closely miss the quasit. You hit Eustachio but do no damage.
The quasit bites you.
* * * LOW HITPOINT WARNING * * *
The quasit claws you.
* * * LOW HITPOINT WARNING * * *
The quasit claws you.
You die...

#.#.#######.#
#.#.# #.#
#.#.# #.#
#.#.# #>#
#.#.# #.#
#.#.# #.#
#.#.# #.#
#.#r#######.#
#5@5b.......#
###@#########
#5# #.# #.#
#.# #.# #.#
#.#


You could see Eustachio, a quasit, a white imp, an ufetubus, a quokka and a bat.

Vanquished Creatures
  A scorpion (D:5)
  Jessica (D:2)
  5 adders
  3 worms (D:2)
  A dart slug (D:1)
  A leopard gecko (D:1)
  2 orcs
  9 bats
  A giant cockroach (D:1)
  4 goblins
  8 hobgoblins
  3 jackals (D:2)
  2 quokkas (D:2)
  3 frilled lizards (D:1)
  7 kobolds
  7 rats
58 creatures vanquished.

Notes
Turn   | Place    | Note
-------+----------+-------------------------------------------
     0 | D:1      | n0claF the Hill Orc Monk began the quest for the Orb.
     0 | D:1      | Reached XP level 1. HP: 19/19 MP: 1/1
   113 | D:1      | Reached XP level 2. HP: 20/27 MP: 2/2
   366 | D:1      | You fall into a shaft and drop 1 floor!
   366 | D:2      | Found a shattered altar of Ashenzari.
   373 | D:2      | Reached skill level 1 in Armour
   545 | D:2      | Reached XP level 3. HP: 17/33 MP: 3/3
   694 | D:2      | Found a faded altar of an unknown god.
   734 | D:2      | Reached skill level 5 in Axes
  1828 | D:2      | Reached XP level 4. HP: 40/40 MP: 4/4
  2219 | D:2      | Noticed Jessica
  2245 | D:2      | Killed Jessica
  2718 | D:2      | Reached skill level 6 in Axes
  2718 | D:2      | Reached XP level 5. HP: 27/47 MP: 5/5
  3047 | D:3      | Found a blossoming altar of Fedhas.
  3320 | D:3      | You fall into a shaft and drop 2 floors!
  3320 | D:5      | Entered Level 5 of the Dungeon
  3551 | D:5      | Noticed Eustachio
  3588 | D:5      | HP: 2/47 [quasit[Eustachio] (2)]
  3588 | D:5      | Slain by a quasit

Levels and vault maps discovered:
D:1:      dpeg_arrival_boxorama, layout_loops_ring
D:2:      layout_basic, lemuel_coloured_pillars_altar,
          chequers_ecumenical_altar_simple, kennysheep_boxes, uniq_jessica
D:3:      layout_loops_corners, nicolae_overflow_crystal_walls,
          hangedman_feature_mirror
D:5:      wander_guarded_unrand_ratskin, layout_basic, minmay_starry_boxes,
          uniq_eustachio

Skill      XL: |  1  2  3  4 |
---------------+-------------+-----
Armour         | 1 2 |  2.6
Fighting       | 4 |  4.7
Axes           | 5 6 |  6.4
Dodging        | |  2.4
Stealth        | |  1.5

Action                   |  1- 3 |  4- 6 || total
-------------------------+-------+-------++-------
Melee: Hand axe          |   135 |   132 ||   267
  Use: Potion            |     1 |       ||     1
 Stab: Distracted        |     1 |       ||     1
       Sleeping          |     4 |     1 ||     5
  Eat: Chunk             |     3 |     5 ||     8
Armor: Robe              |    16 |       ||    16
       Leather armour    |    10 |    48 ||    58
Dodge: Dodged            |    85 |   125 ||   210

Table legend:
 A = Non-vault XP
 B = Vault XP
 C = Vault XP percentage of total XP
 D = Non-vault monster count
 E = Vault monster count
 F = Vault count percentage of total count
                 A         B        C        D         E       F
            +---------+---------+-------+---------+---------+-------
      Total |     229 |      37 |  13.9 |      57 |       1 |   1.7
            +---------+---------+-------+---------+---------+-------
        D:1 |      33 |       0 |   0.0 |      18 |       0 |   0.0
        D:2 |     108 |      37 |  25.5 |      33 |       1 |   2.9
        D:3 |      22 |       0 |   0.0 |       5 |       0 |   0.0
        D:5 |      66 |       0 |   0.0 |       1 |       0 |   0.0
            +---------+---------+-------+---------+---------+-------
